AoeStats
← Lt.Crabcake

Arabia

504560537Analyzed
2v2 RM · 26d ago on Sep 5, 2026· 62m 31s· 4 players
Game mode
Random Map
Map size
Medium (4 player)
Population
200
Speed
Normal
Resources
Standard
Victory
Conquest
Starting age
Dark Age
Ending age
Imperial Age
RankedLock teamsTeams togetherTeam positionsShared explorationLock speedFull tech treeHidden civsTurbo modeCheats
Victory
Defeat
🇦🇷 Ethiopians · Argentina
886
+15
🇦🇷 Spanish · Argentina
871
+16
🇸🇪 Mongols · Sweden
891
-16
🇸🇪 Maya · Sweden
855
-15
Hugh Jazzman
0:28 Loom
11:11 Feudal Age
12:44 Double-Bit Axe
17:19 Wheelbarrow
20:44 Castle Age
21:36 Crossbowman
22:01 Pikeman
23:08 Fletching
23:19 Padded Archer Armor
24:04 Bodkin Arrow
25:45 Thumb Ring
27:31 Squires
27:44 Forging
27:35 Scale Mail Armor
28:34 Ballistics
30:07 Leather Archer Armor
33:36 Bow Saw
33:09 Horse Collar
37:07 Imperial Age
34:33 Eagle Warrior
36:53 Wheelbarrow
35:40 Elite Skirmisher
38:19 Conscription
41:47 Halberdier
43:00 Heavy Plow
45:28 Bracer
46:38 Hul'che Javelineers
52:59 Arbalester
55:23 Gold Mining
56:10 Hand Cart
56:43 Capped Ram
Lt.Crabcake
9:21 Loom
11:06 Feudal Age
12:05 Double-Bit Axe
12:01 Horse Collar
23:21 Castle Age
24:46 Fletching
25:04 Scale Barding Armor
26:53 Bow Saw
27:23 Husbandry
27:26 Padded Archer Armor
28:27 Bloodlines
30:26 Bodkin Arrow
30:47 Leather Archer Armor
32:21 Gold Mining
38:09 Stone Mining
39:06 Forging
39:17 Chain Barding Armor
39:50 Gold Shaft Mining
39:53 Wheelbarrow
40:00 Wheelbarrow
42:35 Ballistics
44:53 Imperial Age
42:41 Hand Cart
42:48 Hand Cart
45:00 Heavy Camel Rider
47:32 Parthian Tactics
47:13 Thumb Ring
48:12 Stone Shaft Mining
48:16 Conscription
50:29 Light Cavalry
51:48 Iron Casting
51:13 Bracer
52:21 Chemistry
57:23 Hussar
santialexander
6:28 Loom
10:00 Feudal Age
14:17 Double-Bit Axe
22:19 Castle Age
20:30 Horse Collar
23:10 Bloodlines
23:44 Forging
23:47 Husbandry
24:11 Stone Mining
25:54 Iron Casting
25:36 Scale Barding Armor
29:10 Chain Barding Armor
30:21 Wheelbarrow
29:41 Elite Skirmisher
33:17 Hand Cart
37:37 Imperial Age
37:47 Imperial Age
40:02 Cavalier
42:53 Fletching
43:04 Padded Archer Armor
44:06 Blast Furnace
43:43 Plate Barding Armor
47:05 Ballistics
47:46 Chemistry
47:21 Thumb Ring
48:58 Bow Saw
53:56 Paladin
56:22 Conscription
Garzaimovich
5:48 Loom
10:28 Feudal Age
11:19 Double-Bit Axe
23:18 Castle Age
23:54 Fletching
24:04 Padded Archer Armor
27:29 Crossbowman
28:54 Leather Archer Armor
31:41 Bodkin Arrow
35:19 Elite Skirmisher
40:28 Thumb Ring
45:10 Imperial Age
46:05 Arbalester
47:55 Ballistics
48:47 Ring Archer Armor
48:17 Bracer
55:58 Chemistry
54:55 Murder Holes
55:25 Bracer
57:23 Wheelbarrow
Connection lost

Rejoining the realm…

Still unreachable

The connection could not be restored.

Session expired

The server has moved on; the page needs a fresh start.